[Event "Monday 15 January Rapid Engine Tour 12+1 Rounds 9 Starts 1600 ST"]
[Site "Infinity Chess"]
[Date "2018.1.15"]
[Round "8"]
[White "MarioDeMonti"]
[Black "ivrdurant"]
[Result "0-1"]
[ECO "C55"]
[WhiteElo "2407"]
[BlackElo "2416"]
[WhiteEngine "stockfish_x64_bmi2_2018_01_01_CTG"]
[BlackEngine "Raubfisch X37b1."]
[EventType "Swiss"]
[WhiteTeam ""]
[BlackTeam ""]
[PlyCount "170"]
[TimeControl "720+1"]

1. e4 e5 2. Nf3 Nc6 3. Bc4 Nf6 4. d3 Bc5 5. c3 d6 6. O-O O-O 7. Bg5 h6 8. Bh4 a5 
9. Nbd2 Ba7 10. Bb3 g5 11. Bg3 Be6 12. Ba4 Rb8 13. Re1 Nh7 14. h3 g4 
15. hxg4 Bxg4 16. Qc1 Qf6 17. Nh4 Kh8 18. Nf1 Rg8 19. Ne3 Rg5 20. Bd1 Be6 
21. Qd2 Rbg8 22. Kh2 Ne7 23. Nf3 R5g7 24. a3 Ng6 25. Kh1 Nf4 26. d4 Ng5 
27. Nf1 Nxg2 28. Nxg5 Rxg5 29. Kxg2 h5 30. Nh2 h4 31. Nf3 Qh6 32. Rh1 Rxg3+ 
33. Kf1 R3g6 34. Qxh6+ Rxh6 35. d5 Bd7 36. Rxh4 Bh3+ 37. Ke2 Rxh4 38. Nxh4 Rg1 
39. Rc1 Rf1 40. Rc2 Rh1 41. Nf5 Bxf5 42. exf5 Bxf2 43. Rd2 Be1 44. Rd3 Bh4 
45. Re3 Kg7 46. b4 Bg5 47. Re4 Rh2+ 48. Kf1 Rd2 49. Ba4 Rxd5 50. Bc2 axb4 
51. axb4 b5 52. Re1 Rd2 53. Re2 Kf6 54. Be4 Bf4 55. Kf2 Rd1 56. Bc6 Rc1 
57. Bxb5 Rxc3 58. Ba4 Rc4 59. Kf3 Kxf5 60. Bc2+ Kf6 61. Be4 Rxb4 62. Bc6 Ke6 
63. Ra2 Rb6 64. Be4 d5 65. Bc2 c5 66. Ra8 c4 67. Rc8 Kf6 68. Kg4 Bd2 69. Kh4 e4 
70. Kg4 c3 71. Rc7 Rb2 72. Ba4 d4 73. Rc6+ Kg7 74. Rc7 e3 75. Be8 e2 
76. Rxf7+ Kg8 77. Re7 e1=Q 78. Rxe1 Bxe1 79. Ba4 c2 80. Bb3+ Rxb3 81. Kf4 Bg3+ 
82. Ke4 c1=Q 83. Kf5 Qf4+ 84. Kg6 Rb6+ 85. Kh5 Rh6# 0-1

[Event "Monday 15 January Rapid Engine Tour 12+1 Rounds 9 Starts 1600 ST"]
[Site "Infinity Chess"]
[Date "2018.1.15"]
[Round "8"]
[White "Satria_Ungu"]
[Black "tris77"]
[Result "1-0 "]
[ECO "E40"]
[WhiteElo "2410"]
[BlackElo "2344"]
[WhiteEngine "Houdini 6"]
[BlackEngine "Raubfisch X37b_CTG"]
[EventType "Swiss"]
[WhiteTeam ""]
[BlackTeam ""]
[PlyCount "57"]
[TimeControl "720+1"]

1. d4 Nf6 2. c4 e6 3. Nc3 Bb4 4. e3 O-O 5. Nge2 d5 6. a3 Be7 7. cxd5 exd5 
8. Nf4 c6 9. Bd3 Re8 10. O-O Bd6 11. Qc2 Nbd7 12. f3 Nf8 13. Kh1 Qc7 14. g4 Ng6 
15. Nh5 Qd8 16. Ng3 Be6 17. Nf5 Bc7 18. Rg1 Nd7 19. Bd2 a6 20. Be1 Nb6 
21. f4 Bd7 22. b3 Nc8 23. Rg3 Nd6 24. Bf2 Rc8 25. Rag1 Nb5 26. Nxb5 cxb5 
27. Qb1 b4 28. a4 Re6 29. Rf3 1-0

[Event "Monday 15 January Rapid Engine Tour 12+1 Rounds 9 Starts 1600 ST"]
[Site "Infinity Chess"]
[Date "2018.1.15"]
[Round "8"]
[White "Katzenmaier"]
[Black "ocirema"]
[Result "1/2-1/2"]
[ECO "B90"]
[WhiteElo "2475"]
[BlackElo "2412"]
[WhiteEngine "S_XPrO.251117.x64.POPCNT_CTG"]
[BlackEngine "stockfish_18011309_x64_modern_CTG"]
[EventType "Swiss"]
[WhiteTeam ""]
[BlackTeam ""]
[PlyCount "114"]
[TimeControl "720+1"]

1. e4 c5 2. Nf3 d6 3. d4 cxd4 4. Nxd4 Nf6 5. Nc3 a6 6. h3 e5 7. Nde2 h5 
8. g3 Be6 9. Bg2 b5 10. O-O Nbd7 11. Be3 Be7 12. Qd2 Rc8 13. f4 O-O 14. a3 Nb6 
15. b3 d5 16. fxe5 Nxe4 17. Nxe4 dxe4 18. Qxd8 Bxd8 19. Nf4 Nd5 20. Nxe6 fxe6 
21. Rxf8+ Kxf8 22. Bd4 Nc3 23. Kh2 h4 24. gxh4 Bxh4 25. Bxc3 Rxc3 26. Rf1+ Ke7 
27. Bxe4 Bg3+ 28. Kg2 Bxe5 29. Rf3 Rc5 30. Bg6 Bf6 31. Rg3 Kd6 32. Bd3 Rd5 
33. c4 bxc4 34. Bxc4 Rd2+ 35. Kf3 a5 36. a4 e5 37. Rg1 g5 38. Rg4 Rh2 
39. Rg3 Rd2 40. Rg1 Rd4 41. Re1 Rf4+ 42. Ke3 Kc5 43. Rd1 Rd4 44. Rxd4 exd4+ 
45. Kd3 Be5 46. Be6 Kb4 47. Bf7 Bf6 48. Kc2 Bg7 49. Be6 Be5 50. Bd5 Kc5 
51. Be6 Kd6 52. Bc4 Kc5 53. Kd3 Kb4 54. Ke4 Bf6 55. Kd3 Be5 56. Kd2 Kc5 
57. Kd3 Kb4 1/2-1/2

[Event "Monday 15 January Rapid Engine Tour 12+1 Rounds 9 Starts 1600 ST"]
[Site "Infinity Chess"]
[Date "2018.1.15"]
[Round "8"]
[White "RonWeasley"]
[Black "Marsell"]
[Result "0-1 "]
[ECO "C55"]
[WhiteElo "2443"]
[BlackElo "2483"]
[WhiteEngine "BrainFish 130117_CTG"]
[BlackEngine "asmFishW_2018-01-11_popcnt"]
[EventType "Swiss"]
[WhiteTeam ""]
[BlackTeam ""]
[PlyCount "50"]
[TimeControl "720+1"]

1. e4 e5 2. Nf3 Nc6 3. Bc4 Nf6 4. d3 Bc5 5. c3 d6 6. Bb3 a6 7. Nbd2 O-O 
8. O-O Ba7 9. h3 h6 10. a4 Nh5 11. Nc4 Qf6 12. Kh2 Kh8 13. g3 Qe6 14. g4 Qd7 
15. a5 Nf6 16. Ne3 Ne7 17. Rg1 c6 18. Qf1 Ng6 19. Nf5 d5 20. Bc2 Qc7 21. Qg2 Nh7 
22. Qg3 Be6 23. h4 Bb8 24. Kh1 c5 25. h5 Nf4 0-1

[Event "Monday 15 January Rapid Engine Tour 12+1 Rounds 9 Starts 1600 ST"]
[Site "Infinity Chess"]
[Date "2018.1.15"]
[Round "8"]
[White "Thinker"]
[Black "Harry_Potter"]
[Result "1/2-1/2 "]
[ECO "C50"]
[WhiteElo "2459"]
[BlackElo "2502"]
[WhiteEngine "BrainFish_180113_x64_modern_CTG"]
[BlackEngine "Stockfish_18011309_x64_bmi2_CTG"]
[EventType "Swiss"]
[WhiteTeam ""]
[BlackTeam ""]
[PlyCount "119"]
[TimeControl "720+1"]

1. e4 e5 2. Nf3 Nc6 3. Bc4 Bc5 4. O-O Nf6 5. d3 d6 6. c3 a5 7. h3 O-O 
8. Nbd2 Be6 9. Bb5 h6 10. Re1 Qb8 11. Nf1 Qa7 12. Be3 Bxe3 13. Nxe3 Ne7 
14. a4 Ng6 15. Bc4 Bxc4 16. Nxc4 Qa6 17. b3 Rfe8 18. Qc2 Qc6 19. d4 exd4 
20. Nxd4 Qc5 21. Nf5 Ne5 22. Nce3 Nc6 23. Ng4 Nxg4 24. hxg4 Rab8 25. Re3 g6 
26. Nxh6+ Kg7 27. Rh3 Rh8 28. Qd2 f6 29. g5 fxg5 30. Ng4 Rxh3 31. gxh3 Ne5 
32. Kg2 Nxg4 33. hxg4 Qe5 34. Qd4 Kf6 35. f3 b5 36. axb5 Qxd4 37. cxd4 Rxb5 
38. Kf2 Ke6 39. Kg3 c6 40. Kg2 c5 41. dxc5 Rxc5 42. Kg3 d5 43. exd5+ Rxd5 
44. Ra4 Rb5 45. Re4+ Re5 46. Kf2 Kf6 47. Rd4 Rb5 48. Rd6+ Ke5 49. Rxg6 Kd4 
50. Ra6 Kc3 51. f4 gxf4 52. Kf3 Kxb3 53. Kxf4 a4 54. g5 a3 55. g6 Rb4+ 
56. Ke5 Rg4 57. Kf6 a2 58. g7 Rg1 59. Ra7 Rf1+ 60. Ke5 1/2-1/2

[Event "Monday 15 January Rapid Engine Tour 12+1 Rounds 9 Starts 1600 ST"]
[Site "Infinity Chess"]
[Date "2018.1.15"]
[Round "8"]
[White "Coco69"]
[Black "THE_MACHINE"]
[Result "1/2-1/2"]
[ECO "C53"]
[WhiteElo "2431"]
[BlackElo "2492"]
[WhiteEngine "asmfishw_2018-01-12_base_CTG"]
[BlackEngine "Houdini 6"]
[EventType "Swiss"]
[WhiteTeam ""]
[BlackTeam ""]
[PlyCount "121"]
[TimeControl "720+1"]

1. e4 e5 2. Nf3 Nc6 3. Bc4 Bc5 4. c3 Nf6 5. d4 exd4 6. e5 d5 7. Bb5 Ne4 
8. cxd4 Bb6 9. O-O Bg4 10. a4 a5 11. Nc3 O-O 12. Bxc6 bxc6 13. h3 Bxf3 
14. Qxf3 Bxd4 15. Nxe4 dxe4 16. Qxe4 Re8 17. Qxc6 Rb8 18. Be3 Re6 19. Qc4 Rb4 
20. Qd3 Rxe5 21. b3 c5 22. Rac1 h6 23. Rc4 Rd5 24. Rd1 Rxc4 25. Qxc4 Rd7 
26. Bxd4 cxd4 27. b4 axb4 28. Qxb4 Rd5 29. Rd3 h5 30. a5 Qxa5 31. Qxa5 Rxa5 
32. Rxd4 g6 33. Kh2 Kg7 34. f3 Kf6 35. Rf4+ Ke6 36. Re4+ Kd5 37. Re7 f6 
38. h4 Ra4 39. Kg3 f5 40. Re8 f4+ 41. Kh2 Rc4 42. Re1 Kd6 43. Kg1 Kd5 
44. Kh2 Ra4 45. Re2 Kd6 46. Rd2+ Ke5 47. Re2+ Kf5 48. Rb2 Ra6 49. Rb5+ Kf6 
50. Rb4 Kf5 51. Rb7 Kf6 52. Rb1 Ke5 53. Re1+ Kf5 54. Re2 Ra3 55. Re8 Ra4 
56. Rf8+ Ke6 57. Rd8 Ra7 58. Rd3 Ra4 59. Rd8 Kf5 60. Rf8+ Ke6 61. Rd8 1/2-1/2

[Event "Monday 15 January Rapid Engine Tour 12+1 Rounds 9 Starts 1600 ST"]
[Site "Infinity Chess"]
[Date "2018.1.15"]
[Round "8"]
[White "Neoxium"]
[Black "SkyPilot"]
[Result "0-1"]
[ECO "A00"]
[WhiteElo "2470"]
[BlackElo "2452"]
[WhiteEngine "SF SL FA-IDeA"]
[BlackEngine "stockfish_x64_bmi2_2018_01_01_CTG"]
[EventType "Swiss"]
[WhiteTeam ""]
[BlackTeam ""]
[PlyCount "240"]
[TimeControl "720+1"]

1. g3 e5 2. c4 d6 3. Nc3 Be7 4. Bg2 Nf6 5. d4 exd4 6. Qxd4 a5 7. b3 O-O 
8. Bb2 Nc6 9. Qd1 Re8 10. Nf3 Nd7 11. Nd5 Nc5 12. O-O Bf8 13. Qc2 Nb4 
14. Qd2 Nxd5 15. cxd5 Bd7 16. Nd4 g6 17. Rae1 Bg7 18. e4 a4 19. b4 a3 
20. Ba1 Na4 21. Rc1 Nb2 22. Rfe1 Qb8 23. h4 Re7 24. Rc3 b5 25. h5 Qa7 
26. Nc2 Nc4 27. Qc1 Rf8 28. Ne3 Bxc3 29. Qxc3 f6 30. Nxc4 bxc4 31. Qxc4 gxh5 
32. Bd4 Qa4 33. Qc3 Ref7 34. Kh2 Bg4 35. Bf1 Bd1 36. Bd3 Bg4 37. f3 Bd7 
38. f4 Bg4 39. b5 Qa8 40. f5 h6 41. Rb1 Kh7 42. Qb4 h4 43. b6 cxb6 44. gxh4 Rg8 
45. Qxd6 Be2 46. Bxe2 Qa4 47. Qf4 Qxd4 48. Bh5 Re7 49. Bg6+ Kg7 50. Rc1 Rb8 
51. Bh5 Qe5 52. Qxe5 Rxe5 53. Rc7+ Kh8 54. d6 Rd8 55. Kg3 Rxd6 56. Rc8+ Kg7 
57. Rc7+ Kh8 58. Rc8+ Kg7 59. Rc7+ Kf8 60. Rf7+ Kg8 61. Ra7 Rd3+ 62. Kf4 Rd4 
63. Bf3 Kf8 64. Rxa3 Ra5 65. Rc3 Ke7 66. Rc6 Rd6 67. Rc2 Ra4 68. Rc7+ Kd8 
69. Rc2 b5 70. Rg2 b4 71. Bh5 Rd4 72. Rg8+ Ke7 73. Re8+ Kd7 74. Re6 Rxa2 
75. Rxf6 b3 76. Rb6 b2 77. Bf7 Raa4 78. Be6+ Ke8 79. Rxb2 Rxe4+ 80. Kf3 Rf4+ 
81. Kg2 Rg4+ 82. Kf1 Raf4+ 83. Ke2 Rxh4 84. Rb6 Rb4 85. Rd6 Ke7 86. Rc6 Rh2+ 
87. Ke3 Rh3+ 88. Kf2 Rb2+ 89. Kg1 Kf6 90. Rc1 Re3 91. Bd5 Rbe2 92. Kf1 Kxf5 
93. Bc4 Rb2 94. Ba6 Kf4 95. Rc6 h5 96. Kg1 Re1+ 97. Bf1 Rbb1 98. Rf6+ Kg5 
99. Rf2 h4 100. Rg2+ Kf6 101. Rf2+ Ke7 102. Kg2 h3+ 103. Kh2 Rxf1 104. Re2+ Kd6 
105. Kxh3 Rb5 106. Rd2+ Ke7 107. Re2+ Kf7 108. Rc2 Rg5 109. Kh2 Rf6 
110. Rc7+ Kg6 111. Kh3 Kh5 112. Rc4 Rh6 113. Rh4+ Kg6 114. Rxh6+ Kxh6 
115. Kh4 Rg8 116. Kh3 Kh5 117. Kh2 Kh4 118. Kh1 Kg3 119. Kg1 Rf8 120. Kh1 Rf1# 
0-1

[Event "Monday 15 January Rapid Engine Tour 12+1 Rounds 9 Starts 1600 ST"]
[Site "Infinity Chess"]
[Date "2018.1.15"]
[Round "8"]
[White "Vimtiroba"]
[Black "hafaba"]
[Result "1/2-1/2 "]
[ECO "B00"]
[WhiteElo "2485"]
[BlackElo "2429"]
[WhiteEngine "Corchess 2.0_CTG"]
[BlackEngine "Stockfish SL 07012018 POPCNT_CTG"]
[EventType "Swiss"]
[WhiteTeam ""]
[BlackTeam ""]
[PlyCount "160"]
[TimeControl "720+1"]

1. e4 Nc6 2. Nf3 e5 3. Bc4 Nf6 4. d3 Bc5 5. c3 d6 6. O-O a5 7. Re1 O-O 
8. Nbd2 h6 9. h3 Be6 10. Bb5 Qb8 11. Re2 Na7 12. Ba4 Nc6 13. Bb5 Bb6 14. Nc4 Bc5 
15. Ne3 Bb6 16. a4 Na7 17. Bc4 Bxe3 18. Bxe3 Bxc4 19. dxc4 Nc6 20. Nh4 Qd8 
21. Nf5 Ne7 22. Ng3 Qd7 23. b3 b6 24. Qd3 Qe6 25. f3 Rae8 26. Qc2 Kh8 
27. Rd1 Nd7 28. Nf5 Rg8 29. Kh1 h5 30. Red2 Nxf5 31. exf5 Qf6 32. Re2 g6 
33. fxg6 Qxg6 34. b4 Qxc2 35. Rxc2 Kh7 36. Kh2 e4 37. f4 h4 38. Rd5 Ra8 
39. c5 axb4 40. cxb4 Rg3 41. Bf2 Nf6 42. Rd4 Rd3 43. cxd6 cxd6 44. Rd2 Rxd2 
45. Rxd2 Nh5 46. Rxd6 Nxf4 47. Rxb6 Rxa4 48. Rf6 Nh5 49. Rxf7+ Kg6 50. Rb7 Ra2 
51. Rb6+ Kf5 52. Rb5+ Ke6 53. Bxh4 Nf4 54. Rg5 e3 55. Be1 Ra3 56. Rg8 Kd5 
57. h4 Nd3 58. Bg3 Nxb4 59. Rg5+ Kd4 60. Rg4+ Kc5 61. h5 Ra7 62. Kh3 Nc2 
63. Kh4 Kd5 64. Rg5+ Ke4 65. h6 e2 66. Rg7 Ra1 67. h7 Rh1+ 68. Kg5 Ne3 
69. Rd7 Nxg2 70. Bf2 e1=Q 71. Bxe1 Nxe1 72. h8=Q Nf3+ 73. Kg6 Rxh8 74. Rh7 Rf8 
75. Kg7 Rf5 76. Rh8 Nd4 77. Re8+ Kd3 78. Re1 Kc4 79. Rc1+ Kb3 80. Rc7 Kb4 
1/2-1/2

[Event "Monday 15 January Rapid Engine Tour 12+1 Rounds 9 Starts 1600 ST"]
[Site "Infinity Chess"]
[Date "2018.1.15"]
[Round "8"]
[White "angriff"]
[Black "KULLANI"]
[Result "1/2-1/2"]
[ECO "C50"]
[WhiteElo "2474"]
[BlackElo "2456"]
[WhiteEngine "SF_64BIT_POPCNT_CTG"]
[BlackEngine "BrainFish_180106_x64_CTG"]
[EventType "Swiss"]
[WhiteTeam ""]
[BlackTeam ""]
[PlyCount "99"]
[TimeControl "720+1"]

1. e4 e5 2. Nf3 Nc6 3. Bc4 Bc5 4. O-O Nf6 5. d3 d6 6. c3 a5 7. Re1 h6 
8. Nbd2 O-O 9. Nf1 Be6 10. Bb5 Ne7 11. d4 exd4 12. cxd4 Bb6 13. d5 Bc8 14. h3 c6 
15. dxc6 bxc6 16. Ba4 d5 17. exd5 cxd5 18. Ng3 Nf5 19. Nxf5 Bxf5 20. Be3 Bxe3 
21. Rxe3 Bd7 22. Rc1 Re8 23. Rxe8+ Qxe8 24. Bc2 Qe7 25. Qd2 Qd6 26. Re1 Qb6 
27. Qd4 Rb8 28. b3 Kf8 29. Re3 Qxd4 30. Nxd4 g6 31. Re5 Rb4 32. Ne2 Be6 
33. Re3 Ke7 34. a3 Rb6 35. Nd4 Nh5 36. h4 Ng7 37. f4 Kd6 38. Kf2 Bf5 
39. Bxf5 Nxf5 40. Nxf5+ gxf5 41. Re5 Rxb3 42. Rxf5 Rxa3 43. Rxf7 d4 44. Rf6+ Kd5 
45. Rxh6 Ke4 46. Rd6 Ra2+ 47. Kg3 Ra3+ 48. Kf2 Ra2+ 49. Kg3 Ra3+ 50. Kf2 1/2-1/2

[Event "Monday 15 January Rapid Engine Tour 12+1 Rounds 9 Starts 1600 ST"]
[Site "Infinity Chess"]
[Date "2018.1.15"]
[Round "7"]
[White "MarioDeMonti"]
[Black "tris77"]
[Result "1/2-1/2"]
[ECO "C55"]
[WhiteElo "2410"]
[BlackElo "2333"]
[WhiteEngine "stockfish_x64_bmi2_2018_01_01_CTG"]
[BlackEngine "Raubfisch X37b_CTG"]
[EventType "Swiss"]
[WhiteTeam ""]
[BlackTeam ""]
[PlyCount "70"]
[TimeControl "720+1"]

1. e4 e5 2. Nf3 Nc6 3. Bc4 Nf6 4. d3 Bc5 5. c3 d6 6. O-O O-O 7. h3 a5 8. Nbd2 h6 
9. Re1 a4 10. Bb5 Bd7 11. Nf1 Ne7 12. Bxd7 Qxd7 13. Ng3 Bb6 14. d4 Qb5 
15. Qc2 exd4 16. Nxd4 Qa6 17. Be3 Rfe8 18. a3 Ng6 19. Rad1 Qa5 20. c4 Qe5 
21. Qc1 h5 22. Qc2 Ba5 23. Nf3 Qe7 24. Bd2 Bxd2 25. Rxd2 Ne5 26. Nd4 Ned7 
27. Nb5 Nc5 28. Ne2 Nb3 29. Rd3 Qxe4 30. Nxc7 Nd4 31. Nxd4 Qxe1+ 32. Kh2 Qe5+ 
33. Kg1 Qe1+ 34. Kh2 Qe5+ 35. Kg1 Qe1+ 1/2-1/2

[Event "Monday 15 January Rapid Engine Tour 12+1 Rounds 9 Starts 1600 ST"]
[Site "Infinity Chess"]
[Date "2018.1.15"]
[Round "7"]
[White "ocirema"]
[Black "Satria_Ungu"]
[Result "1/2-1/2"]
[ECO "C77"]
[WhiteElo "2412"]
[BlackElo "2410"]
[WhiteEngine "stockfish_18011309_x64_modern_CTG"]
[BlackEngine "Houdini 6"]
[EventType "Swiss"]
[WhiteTeam ""]
[BlackTeam ""]
[PlyCount "101"]
[TimeControl "720+1"]

1. e4 e5 2. Nf3 Nc6 3. Bb5 a6 4. Ba4 Nf6 5. O-O Be7 6. Re1 b5 7. Bb3 O-O 
8. a4 b4 9. d4 d6 10. dxe5 Nxe5 11. Nxe5 dxe5 12. Qe2 Bc5 13. Be3 Bd4 
14. Bxd4 Qxd4 15. Rd1 Qc5 16. Qc4 Qe7 17. Nd2 a5 18. Qe2 Bb7 19. f3 Rfd8 
20. Nf1 Ba6 21. Rxd8+ Qxd8 22. Qe1 Bxf1 23. Kxf1 c5 24. c3 g6 25. Qe3 Rc8 
26. Bc4 Rc6 27. Re1 Qc7 28. Rc1 Rd6 29. b3 Qd8 30. Be2 Nd7 31. g3 bxc3 
32. Qxc3 h5 33. Bc4 h4 34. Bd5 Nf6 35. Qxc5 Nxd5 36. exd5 Rxd5 37. Qc8 Kg7 
38. Qxd8 Rxd8 39. gxh4 Rd3 40. Kg2 Rxb3 41. Rc5 Rb4 42. Rxa5 Rxh4 43. Kg3 Rb4 
44. Rxe5 Rxa4 45. Rb5 Kf6 46. h4 Ra3 47. h5 gxh5 48. Rxh5 Ke6 49. Rh6+ Kf5 
50. Rh5+ Ke6 51. Rh6+ 1/2-1/2

[Event "Monday 15 January Rapid Engine Tour 12+1 Rounds 9 Starts 1600 ST"]
[Site "Infinity Chess"]
[Date "2018.1.15"]
[Round "7"]
[White "Thinker"]
[Black "RonWeasley"]
[Result "1/2-1/2"]
[ECO "C11"]
[WhiteElo "2460"]
[BlackElo "2442"]
[WhiteEngine "BrainFish_180113_x64_modern_CTG"]
[BlackEngine "BrainFish 130117_CTG"]
[EventType "Swiss"]
[WhiteTeam ""]
[BlackTeam ""]
[PlyCount "101"]
[TimeControl "720+1"]

1. e4 e6 2. d4 d5 3. Nc3 Nf6 4. e5 Nfd7 5. f4 c5 6. Nf3 Nc6 7. Be3 cxd4 
8. Nxd4 Qb6 9. Qd2 Qxb2 10. Rb1 Qa3 11. Bb5 Nxd4 12. Bxd4 a6 13. Bxd7+ Bxd7 
14. Rb3 Qe7 15. Rxb7 Rc8 16. O-O Qd8 17. Qf2 Rxc3 18. Bxc3 Qc8 19. Rb3 Ba4 
20. Bd4 Bxb3 21. axb3 Be7 22. c3 O-O 23. b4 Qc6 24. h4 h5 25. Qf3 g6 26. g4 hxg4 
27. Qxg4 Kh7 28. h5 Rg8 29. Kf2 Qa4 30. hxg6+ Rxg6 31. Rh1+ Rh6 32. Qd1 Qa2+ 
33. Kg3 Rxh1 34. Qxh1+ Kg8 35. Kf3 Qd2 36. Qg2+ Qxg2+ 37. Kxg2 Kh7 38. Kf3 Kg6 
39. Kg4 Bd8 40. Ba7 f6 41. exf6 Bxf6 42. Bd4 Bxd4 43. cxd4 Kf6 44. Kg3 Kf7 
45. Kf2 Ke7 46. Kf3 Kd6 47. Kg4 Kc7 48. Kg5 Kd7 49. Kf6 Kd6 50. f5 exf5 51. Kxf5 
1/2-1/2

[Event "Monday 15 January Rapid Engine Tour 12+1 Rounds 9 Starts 1600 ST"]
[Site "Infinity Chess"]
[Date "2018.1.15"]
[Round "7"]
[White "OlivierEvan"]
[Black "Katzenmaier"]
[Result "1/2-1/2"]
[ECO "E00"]
[WhiteElo "2400"]
[BlackElo "2478"]
[WhiteEngine "Houdini 6"]
[BlackEngine "S_XPrO.251117.x64.POPCNT_CTG"]
[EventType "Swiss"]
[WhiteTeam ""]
[BlackTeam ""]
[PlyCount "172"]
[TimeControl "720+1"]

1. d4 Nf6 2. c4 e6 3. e3 d5 4. Nf3 b6 5. b3 Bb7 6. Bb2 Bd6 7. Bd3 O-O 
8. O-O Nbd7 9. Nbd2 Ne4 10. Qc2 Ndf6 11. Rad1 Rc8 12. Ne5 c5 13. Nb1 cxd4 
14. exd4 Nh5 15. f3 Nef6 16. g3 Be7 17. Qf2 dxc4 18. bxc4 Nd7 19. Qe2 Nhf6 
20. Nc3 a6 21. Rd2 Re8 22. h3 Nb8 23. Bb1 b5 24. cxb5 axb5 25. Nxb5 Qa5 
26. a4 Ba6 27. Bd3 Qxa4 28. Ra1 Qb3 29. Rb1 Qd5 30. Kh2 Bf8 31. Bc3 Qd8 
32. Rdb2 Nd5 33. Be1 Re7 34. Ra2 Rb7 35. f4 g6 36. h4 Nf6 37. Qd1 Kg7 
38. Rbb2 Kg8 39. Qb1 Nd5 40. Ba5 Qe8 41. Bd2 f6 42. Ng4 Kh8 43. Ne3 f5 
44. Bf1 Qd7 45. Ra5 Nf6 46. Bg2 Rxb5 47. Raxb5 Bxb5 48. Rxb5 Nc6 49. Kh3 Bg7 
50. Bc3 Ne7 51. Rb7 Qe8 52. Bb4 Ned5 53. Nxd5 exd5 54. Be7 Ne4 55. Bxe4 fxe4 
56. Qb5 e3 57. Kg2 Qxb5 58. Rxb5 Bxd4 59. Rxd5 e2 60. Bb4 Rc3 61. Rd8+ Kg7 
62. Re8 Rb3 63. Be1 Be3 64. Rc8 Rb1 65. Kf3 Rxe1 66. Rc7+ Kh6 67. g4 Bxf4 
68. g5+ Bxg5 69. hxg5+ Kxg5 70. Rxh7 Ra1 71. Kxe2 Rb1 72. Rc7 Kh4 73. Rc4+ Kg3 
74. Rc5 Rb6 75. Ra5 Rf6 76. Rg5+ Kf4 77. Rg2 Rb6 78. Rf2+ Kg3 79. Rf3+ Kg2 
80. Rf2+ Kh3 81. Rf3+ Kg2 82. Rf2+ Kh3 83. Rf3+ Kg4 84. Rc3 g5 85. Kf2 Ra6 
86. Rc5 Rb6 1/2-1/2

[Event "Monday 15 January Rapid Engine Tour 12+1 Rounds 9 Starts 1600 ST"]
[Site "Infinity Chess"]
[Date "2018.1.15"]
[Round "7"]
[White "Marsell"]
[Black "Coco69"]
[Result "1/2-1/2"]
[ECO "C55"]
[WhiteElo "2485"]
[BlackElo "2429"]
[WhiteEngine "asmFishW_2018-01-11_popcnt"]
[BlackEngine "asmfishw_2018-01-12_base_CTG"]
[EventType "Swiss"]
[WhiteTeam ""]
[BlackTeam ""]
[PlyCount "55"]
[TimeControl "720+1"]

1. e4 e5 2. Nf3 Nc6 3. Bc4 Nf6 4. d3 Bc5 5. c3 a5 6. O-O d6 7. Bg5 O-O 8. a4 h6 
9. Bh4 g5 10. Bg3 Kg7 11. Nbd2 Ba7 12. Re1 Ng8 13. Nf1 h5 14. h3 Nh6 15. d4 g4 
16. Bh4 f6 17. Ng3 Qe8 18. Nh2 Kh8 19. Rc1 Qg6 20. Bd5 gxh3 21. Qxh5 Ne7 
22. Bb3 Qg7 23. gxh3 Ng6 24. Kh1 Nf4 25. Qf3 Ng6 26. Qh5 Nf4 27. Qf3 Ng6 28. Qh5 
1/2-1/2

[Event "Monday 15 January Rapid Engine Tour 12+1 Rounds 9 Starts 1600 ST"]
[Site "Infinity Chess"]
[Date "2018.1.15"]
[Round "7"]
[White "Harry_Potter"]
[Black "SkyPilot"]
[Result "1/2-1/2"]
[ECO "A20"]
[WhiteElo "2504"]
[BlackElo "2450"]
[WhiteEngine "Stockfish_18011309_x64_bmi2_CTG"]
[BlackEngine "stockfish_x64_bmi2_2018_01_01_CTG"]
[EventType "Swiss"]
[WhiteTeam ""]
[BlackTeam ""]
[PlyCount "253"]
[TimeControl "720+1"]

1. c4 e5 2. g3 Nc6 3. Nc3 Nf6 4. Bg2 Bc5 5. e3 d5 6. cxd5 Nb4 7. d4 exd4 
8. exd4 Be7 9. Nge2 Nbxd5 10. Nf4 Nb6 11. O-O O-O 12. Re1 Re8 13. Qd3 a5 
14. Be3 g6 15. Rad1 Bb4 16. a3 Bf8 17. h3 Bf5 18. Qe2 Ne4 19. Nxe4 Bxe4 
20. Bxe4 Rxe4 21. Qf3 Qe8 22. Bd2 Rxe1+ 23. Rxe1 Qc8 24. Bc3 Bd6 25. Nd5 Nxd5 
26. Qxd5 Qb8 27. a4 b6 28. Qc6 Qd8 29. d5 Rb8 30. b3 h6 31. Kg2 Kh7 32. Re3 Rc8 
33. Bd4 Be7 34. Rf3 Kg8 35. Rc3 Rb8 36. Qxc7 Qxd5+ 37. Kh2 Ra8 38. Qxb6 Bd8 
39. Qc5 Qxc5 40. Bxc5 Rc8 41. Bd4 Ra8 42. Kg2 h5 43. Kf3 f5 44. h4 Kf7 
45. Be3 Rb8 46. Kg2 Ra8 47. Rc5 Be7 48. Rc7 Ke6 49. Rc6+ Kf7 50. Bd2 Ra7 
51. Rb6 Bd8 52. Rd6 Ra8 53. Bg5 Bxg5 54. hxg5 Rb8 55. Ra6 Rxb3 56. Rxa5 Rb4 
57. Ra8 Kg7 58. Ra6 Re4 59. Ra7+ Kg8 60. a5 Re5 61. Kf3 Kh8 62. Ra8+ Kh7 
63. Ra7+ Kg8 64. Ra8+ Kg7 65. Ra7+ Kg8 66. Kg2 Rb5 67. Kf1 Re5 68. Kg1 Rb5 
69. Ra6 Kh7 70. Ra8 Re5 71. Kg2 Kg7 72. Ra6 Kh7 73. Kg1 Re1+ 74. Kg2 Re5 
75. Kh2 Rb5 76. Ra7+ Kg8 77. Ra8+ Kh7 78. Ra7+ Kg8 79. Kh3 Rc5 80. Ra8+ Kh7 
81. Ra7+ Kh8 82. Ra8+ Kg7 83. Ra7+ Kg8 84. Ra8+ Kh7 85. a6 Rc6 86. Kg2 Rb6 
87. a7 Ra6 88. Kf3 Ra2 89. Ke3 Ra5 90. Kd3 Ra3+ 91. Kd4 Ra5 92. Kc3 Kg7 
93. f3 Ra6 94. f4 Ra5 95. Rc8 Rxa7 96. Kd4 Rd7+ 97. Ke5 Re7+ 98. Kd4 Re4+ 
99. Kd3 Re7 100. Ra8 Re4 101. Ra7+ Kg8 102. Ra6 Kh7 103. Rf6 Kg7 104. Rb6 Re7 
105. Rb2 Re6 106. Rb7+ Kf8 107. Rc7 Re4 108. Rc6 Kf7 109. Rc7+ Kf8 110. Rc5 h4 
111. Rc8+ Ke7 112. gxh4 Rxf4 113. h5 gxh5 114. Rh8 h4 115. Rh7+ Kd6 116. g6 Rf3+ 
117. Ke2 Rg3 118. g7 h3 119. g8=Q Rxg8 120. Rh6+ Kc5 121. Kf3 Kd4 122. Kf4 Rg1 
123. Rxh3 Rf1+ 124. Kg5 Ke5 125. Re3+ Kd4 126. Rb3 Rg1+ 127. Kxf5 1/2-1/2